[ AOE2 MATCH · #495337354 ]
UnrankedFranks vs Bengalis
Player's team · WIN
Rival team · LOSS
[ REPLAY ANALYSIS · EXTRACTED FROM THE RECORDED GAME ]
Feudal
9:44
Castle
19:19
Imperial
32:24
| APM avg | 57.3 |
| APM peak | 99 |
| eAPM avg | 28.1 |
| Villagers / military | 158 / 83 |
Focus
⚔️ 41.2% · 🌾 58.8%
Knight ×55 · Archer ×12 · Scout Cavalry ×7 · Monk ×4 · Militia ×3 · Spearman ×1
Feudal
10:50
Castle
22:24
Imperial
—
| APM avg | 56.7 |
| APM peak | 105 |
| eAPM avg | 37.1 |
| Villagers / military | 99 / 50 |
Focus
⚔️ 58.4% · 🌾 41.6%
Ratha (Ranged) ×33 · Monk ×8 · Armored Elephant ×8 · Fishing Ship ×7 · Transport Ship ×1
Match map
Initial resources + every placement click. Lines = walls · curves = elevation contours. ◆ gold · ⬟ stone · ● berries · ✦ relic · ◌ wall gap
Your base· Open — opponent sealed themselves in
twitch.tv/RaiDAoE's base· ✓ Closed at 22:24 · 64t walls · 1 gate(s)
Smoothed initial terrain · ◌ = detected wall gap · hover for details
Inputs per minute
— Taeyoon - - twitch.tv/RaiDAoE
Build order — Taeyoon
First 150 of 407 actions detected
| 0:00 | Create | Villager (Male) |
| 0:00 | Create | Villager (Male) |
| 0:02 | Build | House |
| 0:02 | Create | Villager (Male) |
| 0:03 | Build | House |
| 0:07 | Create | Villager (Male) |
| 0:07 | Create | Villager (Male) |
| 1:28 | Create | Villager (Male) |
| 1:28 | Create | Villager (Male) |
| 2:02 | Create | Villager (Male) |
| 2:02 | Create | Villager (Male) |
| 2:19 | Create | Villager (Male) |
| 2:19 | Create | Villager (Male) |
| 2:49 | Create | Villager (Male) |
| 2:49 | Create | Villager (Male) |
| 3:16 | Create | Villager (Male) |
| 3:17 | Create | Villager (Male) |
| 3:31 | Build | Barracks |
| 3:40 | Create | Villager (Male) |
| 3:40 | Create | Villager (Male) |
| 3:48 | Build | House |
| 4:05 | Create | Villager (Male) |
| 4:05 | Create | Villager (Male) |
| 4:23 | Build | House |
| 4:27 | Create | Militia |
| 4:27 | Create | Militia |
| 4:39 | Create | Militia |
| 4:55 | Create | Villager (Male) |
| 4:56 | Create | Villager (Male) |
| 5:22 | Create | Villager (Male) |
| 5:22 | Create | Villager (Male) |
| 5:49 | Create | Villager (Male) |
| 5:57 | Build | Lumber Camp |
| 6:30 | Create | Villager (Male) |
| 6:30 | Create | Villager (Male) |
| 6:39 | Research | Loom |
| 6:58 | Create | Villager (Male) |
| 7:34 | Research | Feudal Age |
| 7:35 | Research | Feudal Age |
| 8:30 | Build | Mining Camp |
| 8:58 | Build | House |
| 9:06 | Create | Villager (Male) |
| 9:44 | Age | Feudal Age |
| 9:48 | Create | Villager (Male) |
| 9:50 | Build | Mill |
| 10:06 | Build | Archery Range |
| 10:10 | Research | Double-Bit Axe |
| 10:33 | Create | Villager (Male) |
| 10:45 | Build | Farm |
| 10:50 | Build | House |
| 10:54 | Build | Farm |
| 10:54 | Create | Villager (Male) |
| 10:55 | Create | Archer |
| 10:55 | Create | Archer |
| 11:02 | Build | Farm |
| 11:16 | Build | Farm |
| 11:24 | Build | House |
| 11:25 | Create | Villager (Male) |
| 11:29 | Build | Farm |
| 11:36 | Create | Spearman |
| 11:40 | Build | Farm |
| 11:52 | Create | Villager (Male) |
| 12:13 | Build | Farm |
| 12:18 | Create | Villager (Male) |
| 12:18 | Create | Villager (Male) |
| 12:19 | Build | House |
| 12:23 | Create | Villager (Male) |
| 12:26 | Build | Farm |
| 12:43 | Create | Archer |
| 12:47 | Build | Farm |
| 12:55 | Create | Villager (Male) |
| 13:13 | Create | Archer |
| 13:23 | Create | Villager (Male) |
| 13:34 | Create | Villager (Male) |
| 13:38 | Build | Blacksmith |
| 13:48 | Create | Villager (Male) |
| 13:49 | Create | Archer |
| 14:03 | Create | Villager (Male) |
| 14:10 | Build | Farm |
| 14:17 | Build | Farm |
| 14:18 | Create | Villager (Male) |
| 14:21 | Build | House |
| 14:39 | Create | Archer |
| 14:52 | Create | Archer |
| 14:55 | Build | House |
| 14:56 | Build | House |
| 14:57 | Build | House |
| 15:23 | Build | Farm |
| 15:24 | Create | Villager (Male) |
| 15:44 | Create | Archer |
| 15:47 | Create | Villager (Male) |
| 16:07 | Build | Farm |
| 16:30 | Build | Palisade Wall |
| 16:39 | Research | Castle Age |
| 16:40 | Research | Castle Age |
| 17:00 | Research | Gold Mining |
| 17:07 | Build | House |
| 17:09 | Build | Palisade Wall |
| 17:16 | Create | Archer |
| 17:34 | Research | Fletching |
| 17:42 | Build | Lumber Camp |
| 17:45 | Create | Archer |
| 17:57 | Create | Villager (Male) |
| 18:14 | Build | House |
| 18:16 | Build | Palisade Wall |
| 18:22 | Create | Villager (Male) |
| 18:30 | Create | Archer |
| 18:43 | Create | Archer |
| 19:19 | Age | Castle Age |
| 19:24 | Research | Crossbowman (upgrade) |
| 19:25 | Research | Bodkin Arrow |
| 19:28 | Build | Town Center |
| 19:30 | Research | Bow Saw |
| 19:54 | Build | Town Center |
| 20:04 | Research | Padded Archer Armor |
| 20:05 | Create | Villager (Male) |
| 20:09 | Build | Farm |
| 20:24 | Create | Villager (Male) |
| 20:36 | Create | Villager (Male) |
| 20:42 | Create | Villager (Male) |
| 20:45 | Build | Farm |
| 20:46 | Build | Farm |
| 20:51 | Create | Villager (Male) |
| 21:11 | Create | Villager (Male) |
| 21:12 | Build | Monastery |
| 21:19 | Create | Villager (Male) |
| 21:22 | Create | Villager (Male) |
| 21:23 | Create | Villager (Male) |
| 21:45 | Build | Stable |
| 21:47 | Build | Farm |
| 21:49 | Build | Farm |
| 22:01 | Create | Villager (Male) |
| 22:03 | Build | Farm |
| 22:05 | Create | Villager (Male) |
| 22:06 | Create | Villager (Male) |
| 22:06 | Create | Villager (Male) |
| 22:06 | Create | Villager (Male) |
| 22:11 | Build | Farm |
| 22:14 | Create | Monk |
| 22:21 | Create | Villager (Male) |
| 22:30 | Create | Villager (Male) |
| 22:38 | Create | Villager (Male) |
| 22:38 | Create | Villager (Male) |
| 22:39 | Create | Monk |
| 22:43 | Build | Farm |
| 22:49 | Create | Knight |
| 22:51 | Build | Farm |
| 22:59 | Create | Villager (Male) |
| 23:01 | Build | Farm |
| 23:04 | Build | Lumber Camp |
Build order — twitch.tv/RaiDAoE
First 150 of 283 actions detected
| 0:01 | Create | Villager (Male) ×4 |
| 0:02 | Build | House |
| 0:05 | Build | House |
| 1:29 | Create | Villager (Male) |
| 1:29 | Create | Villager (Male) |
| 1:55 | Build | Lumber Camp |
| 2:01 | Build | Lumber Camp |
| 2:03 | Create | Villager (Male) |
| 2:03 | Create | Villager (Male) |
| 2:03 | Create | Villager (Male) |
| 2:17 | Create | Villager (Male) |
| 2:17 | Create | Villager (Male) |
| 2:51 | Create | Villager (Male) |
| 2:51 | Create | Villager (Male) |
| 3:06 | Create | Villager (Male) |
| 3:07 | Create | Villager (Male) |
| 3:37 | Create | Villager (Male) |
| 3:37 | Create | Villager (Male) |
| 3:53 | Build | House |
| 3:55 | Create | Villager (Male) |
| 3:55 | Create | Villager (Male) |
| 4:23 | Build | Dock |
| 4:30 | Create | Villager (Male) |
| 4:30 | Create | Villager (Male) |
| 4:58 | Create | Villager (Male) |
| 5:10 | Build | House |
| 5:19 | Create | Fishing Ship |
| 5:22 | Create | Villager (Male) |
| 5:22 | Create | Villager (Male) |
| 6:05 | Build | House |
| 6:07 | Create | Villager (Male) |
| 6:21 | Research | Loom |
| 6:25 | Create | Fishing Ship |
| 6:34 | Build | House |
| 6:36 | Build | Palisade Wall |
| 7:09 | Create | Villager (Male) |
| 7:34 | Build | Palisade Gate |
| 7:36 | Build | Palisade Wall |
| 7:50 | Create | Villager (Male) |
| 8:14 | Create | Villager (Male) |
| 8:39 | Research | Feudal Age |
| 8:40 | Research | Feudal Age |
| 8:41 | Create | Fishing Ship |
| 9:24 | Create | Fishing Ship |
| 9:27 | Build | Palisade Wall |
| 9:30 | Build | Palisade Wall |
| 9:32 | Build | Palisade Wall |
| 9:59 | Build | Palisade Wall |
| 10:00 | Create | Villager (Male) |
| 10:00 | Create | Villager (Male) |
| 10:18 | Build | Palisade Wall |
| 10:26 | Create | Villager (Male) |
| 10:44 | Build | Palisade Wall |
| 10:45 | Create | Villager (Male) |
| 10:50 | Age | Feudal Age |
| 10:51 | Build | Palisade Wall |
| 10:59 | Build | Palisade Wall |
| 11:01 | Build | Palisade Wall |
| 11:13 | Create | Transport Ship |
| 11:15 | Research | Tech 906 |
| 11:20 | Build | Mill |
| 11:39 | Create | Villager (Male) |
| 11:50 | Build | House |
| 12:03 | Research | Double-Bit Axe |
| 12:05 | Create | Fishing Ship |
| 12:44 | Build | Fish Trap |
| 12:48 | Create | Villager (Male) |
| 12:59 | Build | Mining Camp |
| 13:00 | Create | Villager (Male) |
| 13:28 | Build | Watch Tower |
| 13:32 | Build | Fish Trap |
| 13:35 | Create | Villager (Male) |
| 13:51 | Build | House |
| 14:03 | Create | Villager (Male) |
| 14:18 | Build | Watch Tower |
| 14:23 | Create | Villager (Male) |
| 14:26 | Create | Fishing Ship |
| 14:33 | Build | House |
| 14:35 | Create | Fishing Ship |
| 14:36 | Create | Villager (Male) |
| 14:40 | Build | House |
| 14:43 | Build | House |
| 15:02 | Build | Blacksmith |
| 15:07 | Build | Market |
| 15:15 | Create | Villager (Male) |
| 15:38 | Create | Villager (Male) |
| 15:48 | Build | Watch Tower |
| 15:51 | Build | Fish Trap |
| 16:02 | Build | Fish Trap |
| 16:05 | Create | Villager (Male) |
| 16:12 | Build | House |
| 16:20 | Build | Farm |
| 16:21 | Create | Villager (Male) |
| 16:21 | Create | Villager (Male) |
| 16:22 | Create | Villager (Male) |
| 16:22 | Create | Villager (Male) |
| 16:34 | Build | Farm |
| 16:36 | Build | Farm |
| 16:56 | Build | Fish Trap |
| 17:05 | Build | Farm |
| 17:18 | Build | Fish Trap |
| 17:26 | Build | Farm |
| 17:47 | Build | Farm |
| 17:55 | Build | Lumber Camp |
| 18:14 | Create | Villager (Male) |
| 18:25 | Build | Stone Wall |
| 18:32 | Build | Blacksmith |
| 18:38 | Build | House |
| 18:39 | Build | House |
| 18:43 | Create | Villager (Male) |
| 18:50 | Build | Mining Camp |
| 18:52 | Create | Villager (Male) |
| 18:57 | Build | Stone Wall |
| 19:13 | Build | Farm |
| 19:17 | Build | Farm |
| 19:44 | Research | Castle Age |
| 19:44 | Research | Castle Age |
| 19:44 | Research | Castle Age |
| 19:55 | Build | Farm |
| 20:05 | Build | Lumber Camp |
| 20:09 | Build | Watch Tower |
| 20:33 | Research | Fletching |
| 21:05 | Build | Watch Tower |
| 21:44 | Create | Villager (Male) |
| 21:47 | Build | Barracks |
| 22:02 | Create | Villager (Male) |
| 22:21 | Create | Villager (Male) |
| 22:24 | Age | Castle Age |
| 22:29 | Research | Bodkin Arrow |
| 22:30 | Create | Villager (Male) |
| 22:34 | Research | Bow Saw |
| 22:34 | Research | Bow Saw |
| 22:40 | Create | Villager (Male) |
| 22:45 | Build | Stable |
| 22:51 | Build | Monastery |
| 23:11 | Create | Villager (Male) |
| 23:24 | Create | Villager (Male) |
| 23:35 | Create | Villager (Male) |
| 23:36 | Create | Monk |
| 23:39 | Create | Villager (Male) |
| 23:44 | Build | Farm |
| 23:45 | Create | Villager (Male) |
| 23:55 | Build | Watch Tower |
| 24:18 | Build | University |
| 24:38 | Create | Villager (Male) |
| 24:56 | Build | Farm |
| 25:01 | Build | Castle |
| 25:06 | Create | Villager (Male) |
| 25:23 | Research | Ballistics |
| 25:24 | Create | Villager (Male) |
Match timeline
| 3:31 | Taeyoon · first_building Barracks |
| 4:23 | twitch.tv/RaiDAoE · first_building Dock |
| 6:36 | twitch.tv/RaiDAoE · wall_segment Palisade Wall x1 |
| 7:36 | twitch.tv/RaiDAoE · wall_segment Palisade Wall x1 |
| 9:27 | twitch.tv/RaiDAoE · wall_segment Palisade Wall x6 |
| 9:30 | twitch.tv/RaiDAoE · wall_segment Palisade Wall x1 |
| 9:32 | twitch.tv/RaiDAoE · wall_segment Palisade Wall x1 |
| 9:44 | Taeyoon · age_up feudal |
| 9:59 | twitch.tv/RaiDAoE · wall_segment Palisade Wall x5 |
| 10:06 | Taeyoon · first_building Archery Range |
| 10:18 | twitch.tv/RaiDAoE · wall_segment Palisade Wall x1 |
| 10:44 | twitch.tv/RaiDAoE · wall_segment Palisade Wall x20 |
| 10:50 | twitch.tv/RaiDAoE · age_up feudal |
| 10:51 | twitch.tv/RaiDAoE · wall_segment Palisade Wall x8 |
| 10:59 | twitch.tv/RaiDAoE · wall_segment Palisade Wall x11 |
| 11:01 | twitch.tv/RaiDAoE · wall_segment Palisade Wall x6 |
| 16:30 | Taeyoon · wall_segment Palisade Wall x6 |
| 17:09 | Taeyoon · wall_segment Palisade Wall x5 |
| 17:39 | twitch.tv/RaiDAoE · first_market_sell 100 stone |
| 17:42 | twitch.tv/RaiDAoE · first_market_buy 100 food |
| 18:16 | Taeyoon · wall_segment Palisade Wall x4 |
| 18:25 | twitch.tv/RaiDAoE · wall_segment Stone Wall x4 |
| 18:57 | twitch.tv/RaiDAoE · wall_segment Stone Wall x1 |
| 19:19 | Taeyoon · age_up castle |
| 21:12 | Taeyoon · first_building Monastery |
| 21:45 | Taeyoon · first_building Stable |
| 21:47 | twitch.tv/RaiDAoE · first_building Barracks |
| 22:24 | twitch.tv/RaiDAoE · age_up castle |
| 22:45 | twitch.tv/RaiDAoE · first_building Stable |
| 22:51 | twitch.tv/RaiDAoE · first_building Monastery |
| 25:01 | Taeyoon · first_market_buy 100 stone |
| 25:01 | twitch.tv/RaiDAoE · first_building Castle |
| 31:45 | twitch.tv/RaiDAoE · first_building Siege Workshop |
| 32:24 | Taeyoon · age_up imperial |
| 33:19 | Taeyoon · first_market_sell 500 food |
| 33:37 | Taeyoon · first_building Castle |
| 36:54 | twitch.tv/RaiDAoE · resign |
[ AI ANALYSIS · 1 CREDIT ]
What really happened in this match?
Wolo.gg analyzes every decision: build order, eco, micro, common mistakes by bracket. Personalized analysis on WhatsApp or Discord in 30 seconds.
Civ guide
Franks
Perfil
Jugador #1691357